 Dungeon Crawl Stone Soup version 0.21.1-1-g345015f (webtiles) character file.

86 tyranidshit the Skirmisher (level 4, 0/39 HPs)
             Began as a Demonspawn Abyssal Knight on July 31, 2018.
             Was a Believer of Lugonu.
             Slain by tev's ghost (6 damage)
             ... on level 3 of the Dungeon.
             The game lasted 00:04:47 (1547 turns).

tyranidshit the Skirmisher (DsAK)                   Turns: 1547, Time: 00:04:48

Health: 0/39       AC:  8    Str: 13    XL:     4   Next: 26%
Magic:  5/5        EV: 10    Int: 18    God:    Lugonu [**....]
Gold:   156        SH:  0    Dex: 12    Spells: 3/3 levels left

rFire    . . .     SeeInvis .   a - +2 hand axe
rCold    . . .     Gourm    .   (no shield)
rNeg     . . .     Faith    .   d - +1 ring mail
rPois    .         Spirit   .   (helmet restricted)
rElec    .         Reflect  .   (no cloak)
rCorr    .         Harm     .   (no gloves)
MR       .....                  (no boots)
Stlth    +.........             (no amulet)
HPRegen  0.13/turn              g - +4 ring of intelligence
MPRegen  0.09/turn              (no ring)

@: no status effects
A: antennae 1, molten scales 1, demonic guardian 1
a: Depart the Abyss, Bend Space, Renounce Religion


You were on level 3 of the Dungeon.
You worshipped Lugonu.
Lugonu was pleased with you.
You were not hungry.

You visited 1 branch of the dungeon, and saw 3 of its levels.
You visited the Abyss 1 time.

You collected 156 gold pieces.

Inventory:

Hand Weapons
 a - a +2 hand axe (weapon)
Armour
 b - a +0 leather armour
 d - a +1 ring mail (worn)
Jewellery
 g - a +4 ring of intelligence (left hand)
Scrolls
 e - 5 scrolls of remove curse
 f - a scroll of teleportation
 h - a scroll of magic mapping {unknown}
 j - a scroll of fog
Comestibles
 c - 6 rations


   Skills:
 + Level 5.1 Fighting
 - Level 1.7 Axes
 - Level 1.7 Armour
 - Level 0.8 Dodging
 - Level 2.4 Invocations


You had 3 spell levels left.
You didn't know any spells.

Dungeon Overview and Level Annotations

Branches:
Dungeon (3/15)

Altars:

Annotations:
D:3 tev's ghost, amateur DsBe


Innate Abilities, Weirdness & Mutations

You have a pair of small antennae on your head.
You are partially covered in molten scales. (AC +2)
A weak demonic guardian rushes to your aid.


Message History

Your ufetubus hits tev's ghost but does no damage.
You see here a jackal corpse.
Your ufetubus hits tev's ghost but does no damage. x2
There is a stone staircase leading up here.
Your ufetubus barely misses tev's ghost. x2
You hit tev's ghost.
Tev's ghost is moderately damaged.
Your ufetubus hits tev's ghost but does no damage.
Your ufetubus barely misses tev's ghost.
Tev's ghost hits you.
* * * LOW HITPOINT WARNING * * *
Your ufetubus completely misses tev's ghost.
Your ufetubus hits tev's ghost.
Tev's ghost hits you but does no damage.
Your ufetubus hits tev's ghost but does no damage.
Your ufetubus barely misses tev's ghost.
Your ufetubus barely misses tev's ghost.
Your ufetubus hits tev's ghost but does no damage.
Tev's ghost hits you.
You die...

.............)..........
....?................#..
##.....##..##....##....
.........#....#......##.
########................
######).<†............
.........†............
######(.W5............
#...@............
#####..........##
##...##...## ##### ####


You could see tev's ghost and a friendly ufetubus.

Vanquished Creatures
  An adder (D:2)
  4 dart slugs
  2 leopard geckos
  3 ball pythons
  7 bats
  3 giant cockroaches
  7 goblins
  8 hobgoblins
  6 jackals
  2 frilled lizards
  9 kobolds
  5 rats
57 creatures vanquished.

Vanquished Creatures (collateral kills)
  An ooze (D:3)
  An orc (D:3)
  A bat (D:3)
3 creatures vanquished.

Grand Total: 60 creatures vanquished

Notes
Turn   | Place    | Note
-------+----------+-------------------------------------------
     0 | Abyss:1  | tyranidshit the Demonspawn Abyssal Knight began the quest for the Orb.
     0 | Abyss:1  | Reached XP level 1. HP: 18/18 MP: 2/2
    33 | Abyss:1  | Noticed a small abomination
    38 | Abyss:1  | Noticed a reaper
    45 | Abyss:1  | Noticed an eye of draining
    46 | D:1      | Escaped the Abyss
   110 | D:1      | Gained mutation: You have a pair of small antennae on your head. [demonic ancestry]
   110 | D:1      | Reached XP level 2. HP: 16/24 MP: 3/3
   172 | D:1      | Reached * piety under Lugonu
   308 | D:1      | Reached skill level 4 in Fighting
   444 | D:1      | Gained mutation: You are partially covered in molten scales. (AC +2) [demonic ancestry]
   444 | D:1      | Reached XP level 3. HP: 15/30 MP: 4/4
   855 | D:2      | Reached ** piety under Lugonu
  1055 | D:2      | Gained mutation: A weak demonic guardian rushes to your aid. [demonic ancestry]
  1055 | D:2      | Reached XP level 4. HP: 28/38 MP: 5/5
  1253 | D:2      | Reached skill level 5 in Fighting
  1491 | D:3      | Noticed tev's ghost (amateur DsBe)
  1547 | D:3      | Slain by tev's ghost

Skill      XL: |  1  2  3  4 |
---------------+-------------+-----
Fighting       | 4 5 |  5.1
Axes           | |  1.7
Armour         | |  1.7
Dodging        | |  0.8
Invocations    | |  2.4

Action                   |  1- 3 |  4- 6 || total
-------------------------+-------+-------++-------
Melee: Hand axe          |   141 |    17 ||   158
Invok: Depart the Abyss  |     1 |       ||     1
  Use: Scroll            |     4 |     3 ||     7
       Potion            |     1 |     2 ||     3
  Eat: Ration            |     1 |       ||     1
Armor: Leather armour    |     5 |       ||     5
       Ring mail         |    67 |    14 ||    81
Dodge: Dodged            |   125 |     9 ||   134
